[Event "Live Chess"]
[Site "Chess.com"]
[Date "2023.05.20"]
[Round "-"]
[White "CocheseUK"]
[Black "18Ziyad"]
[Result "1-0"]
[WhiteElo "1163"]
[BlackElo "954"]
[TimeControl "300"]
[EndTime "10:56:29 PDT"]
[Termination "CocheseUK won by resignation"]

1. e4 c5 2. Nf3 Nc6 3. d4 e6 4. Nc3 b6 5. Be3 Bb7 6. d5 exd5 7. exd5 Nce7 8. Bc4 Qc7 9. O-O d6 10. Nb5 Qb8 11. Bf4 Nc8 12. Re1+ Nge7 13. c3 g6 14. Re3 Bg7 15. Qd2 O-O 16. Rae1 Nf5 17. Re8 a6 18. Rxf8+ Kxf8 19. Na3 b5 20. Bb3 c4 21. Bc2 Nce7 22. g4 Nh6 23. Bxh6 Bxh6 24. Qxh6+ Kg8 25. Rxe7 Bxd5 26. Ng5 Be6 1-0

[Event "Live Chess"]
[Site "Chess.com"]
[Date "2023.05.20"]
[Round "-"]
[White "Brooms1989"]
[Black "matt1979"]
[Result "1-0"]
[WhiteElo "1016"]
[BlackElo "1444"]
[TimeControl "300"]
[EndTime "10:56:47 PDT"]
[Termination "Brooms1989 won on time"]

1. e4 d6 2. d4 Nf6 3. Nc3 Nbd7 4.
Bd3 e5 5. dxe5 dxe5 6. Nf3 c6 7. Bg5 Qc7 8. O-O h6 9. Bxf6 gxf6 10. Ne2 Nc5 11. Ng3 Bg4 12. h3 Be6 13. Nf5 Bxf5 14.
exf5 O-O-O 15. Ne1 e4 16. b4 Na4 17. c4 Nb2 18.
Qc2 Nxd3 19. Nxd3 exd3 20. Qd2 Qe5 21. Rae1 Qxf5 22. Re3 Rg8 23. Rfe1 h5 24. Rf3 Qxf3 25. g3 Bd6 26. Re3 Qf5 27. Rxd3 Qxh3 28. Rxd6 Rxd6 29. Qxd6 h4 30. Qf4 hxg3 31. fxg3 Rxg3+ 32. Kf2 Qg2+ 33. Ke1 Qg1+ 34. Kd2 Rg2+ 35. Kd3 Qd1+ 36. Ke4 Re2+ 37. Kf5 Qd3+ 38. Kxf6 Qd8+ 39. Kg7 Rg2+ 40. Kxf7 Qd7+ 41. Kf6 Qd8+ 42. Ke5 Qc7+ 43. Kf5 Qxf4+ 44. Kxf4 Rxa2 45. Ke4 Ra4 46. Kd4 Rxb4 47. Kc3 a5 48. Kc2 b6 49. c5 b5 50. Kc3 Kc7 51. Kc2 a4 52. Kc1 a3 53. Kc2 a2 54. Kd3 a1=Q 55. Ke3 1-0

[Event "Live Chess"]
[Site "Chess.com"]
[Date "2023.05.20"]
[Round "-"]
[White "peter-785"]
[Black "alexlines8"]
[Result "1-0"]
[WhiteElo "1168"]
[BlackElo "1238"]
[TimeControl "300"]
[EndTime "10:56:51 PDT"]
[Termination "peter-785 won by resignation"]

1. e4 c6 2. Nf3 d5 3. exd5 cxd5 4. d4 Nc6 5. Bb5 Bg4 6. h3 Bh5 7. Be3 Nf6 8. Nbd2 e6 9. c3 Bd6 10. Qa4 Qc7 11. O-O O-O 12. Rac1 Bxf3 13. Nxf3 Ne4 14. Nd2 Nf6 15. f4 a6 16. Bd3 Rfe8 17. c4 Ne7 18.
cxd5 Qb8 19. dxe6 fxe6 20. Qb3 Nf5 21. Bxf5 1-0

[Event "Live Chess"]
[Site "Chess.com"]
[Date "2023.05.20"]
[Round "-"]
[White "Hacker_2009"]
[Black "GEMdzq"]
[Result "1-0"]
[WhiteElo "1928"]
[BlackElo "2192"]
[TimeControl "300"]
[EndTime "10:56:53 PDT"]
[Termination "Hacker_2009 won on time"]

1. d4 Nf6 2. Nf3 e6 3. c4 c5 4. e3 Be7 5. Nc3 O-O 6. Be2 Nc6 7.
O-O cxd4 8. Nxd4 d5 9. cxd5 exd5 10. Bf3 Ne5 11. Be2 a6 12. b3 b5 13. Bb2 Bb7 14.
Rc1 Rc8 15. f4 Nc6 16. Bf3 Re8 17. Nf5 Qd7 18. Nxe7+ Qxe7 19. Nxd5 Nxd5 20. Qxd5 Qxe3+ 21. Kh1 Rcd8 22. Qg5 Ne5 23. Bxb7 f6 24. Qg3 Nd3 25. Qxe3 Rxe3 26. Rc2 Ne1 27. Rc7 Nd3 28. Bd4 Rxd4 29. h3 Nxf4 30. Rfc1 h5 31. R7c6 Ne2 32. Rc8+ Kh7 33.
Rb1 Ng3+ 34. Kh2 h4 35. Bf3 Rd2 36. Bb7 Rxa2 37. Rd8 Rf2 38. Rd4 g5 39. Rd7+ Kg6 40. Bxa6 b4 41. Bd3+ f5 42. Bc4 Nh5 43. Bf7+ Kh6 44.
Rbd1 Nf4 45. R1d6+ Kg7 46. Bd5+ Kf8 47. Ra6 Nxd5 48.
Ra8+ Re8 49. Rxe8+ Kxe8 50. Rxd5 g4 51. hxg4 fxg4 52.
Rd4 g3+ 53. Kh3 Rb2 54. Rxb4 Kf7 55. Rf4+ Kg6 56. b4 Kg5 57. Rg4+ Kh5 58. Rxh4+ Kg5 59. Rg4+ Kf5 60. Rxg3 Rxb4 61. Rf3+ Kg5 62. Kg3 Rb1 63.
Ra3 Rb2 64. Ra5+ Kg6 65. Ra3 1-0

[Event "Live Chess"]
[Site "Chess.com"]
[Date "2023.05.20"]
[Round "-"]
[White "BostonStrangler"]
[Black "ClassyChameleon"]
[Result "1-0"]
[WhiteElo "2078"]
[BlackElo "1060"]
[TimeControl "300"]
[EndTime "10:57:01 PDT"]
[Termination "BostonStrangler won by resignation"]

1. Nf3 b5 2. g3 Bb7 3. Bg2 d5 4.
O-O Nf6 5. a4 b4 6. d3 e6 7. Nbd2 Be7 8. b3 O-O 9. Bb2 c5 10. d4 cxd4 11. Nxd4 Nc6 12. N2f3 Nxd4 13. Nxd4 Ne4 14. Qd3 Ng5 15. a5 a6 16. h4 Ne4 17.
h5 h6 18. Qe3 Ng5 19. Rfd1 Bf6 20. f4 Ne4 21. Bxe4 dxe4 22. Nf5 Qb8 23. Nxh6+ Kh7 24.
Bxf6 gxf6 25. Ng4 f5 26. Nf6+ Kh6 27. g4 Qc7 28. g5+ Kg7 29. Qd4 e5 30. fxe5 Rfd8 31. Nd7 Rxd7 32. Qxd7 Qxe5 33. Qd4 Qxd4+ 34. Rxd4 e3 35. Rd7 Be4 36. g6 Rf8 37. Rxf7+ Rxf7 38. gxf7 Kxf7 39. Rc1 Kf6 40. Kh2 Kg5 41. Kg3 Kxh5 42. Kf4 Kg6 43. Kxe3 Kg5 44. Kd4 Kg4 45. Kc5 f4 46. Kxb4 f3 47. exf3+ Bxf3 48. c4 Kg3 49. c5 Be2 50. c6 Bb5 51. c7 Kf2 52. c8=Q Ke2 1-0

[Event "Live Chess"]
[Site "Chess.com"]
[Date "2023.05.20"]
[Round "-"]
[White "minenko-1958"]
[Black "PantherCal"]
[Result "0-1"]
[WhiteElo "1416"]
[BlackElo "1851"]
[TimeControl "300"]
[EndTime "10:57:02 PDT"]
[Termination "PantherCal won by resignation"]

1. e4 d5 2. exd5 Qxd5 3. Nc3 Qa5 4. d4 Nf6 5. f3 Bf5 6. Bd2 c6 7. Ne4 Qd8 8. Nxf6+ gxf6 9. Bc3 Nd7 10. Bd3 Bg6 11.
Bxg6 hxg6 12. Ne2 e5 13. dxe5 Nxe5 14. Qxd8+ Rxd8 15. Bxe5 fxe5 16. Ng3 Bc5 17. Ne4 Bb6 18.
Nf6+ Ke7 19. Ne4 f5 20. Nc3 Rh4 21. Rd1 Rhd4 22. Rxd4 Rxd4 23. Ne2 Rb4 24. b3 e4 25. fxe4 Rxe4 26. Kd2 Kd6 27. c4 Ke5 28. Ng3 Rd4+ 29.
Kc2 Ba5 30. a3 Rd2+ 31. Kc1 Rxg2 32. b4 Bb6 33. c5 Bc7 34. Nf1 Ra2 35. Kb1 Re2 36.
Ng3 Rg2 37. Re1+ Kf6 38. Re2 Rg1+ 39. Kb2 Bxg3 40. hxg3 Rxg3 41. Rd2 Ke6 42. Rd6+ Ke7 43. Rd2 f4 44. Rf2 g5 45. a4 f3 46. b5 Rg2 0-1

[Event "Live Chess"]
[Site "Chess.com"]
[Date "2023.05.20"]
[Round "-"]
[White "Daniel_Gliddon_FA"]
[Black "Inglaterra"]
[Result "0-1"]
[WhiteElo "1280"]
[BlackElo "2076"]
[TimeControl "300"]
[EndTime "10:57:15 PDT"]
[Termination "Inglaterra won by resignation"]

1. e4 Nf6 2. e5 Nd5 3. c4 Nb6 4. d4 d6 5. Nf3 Bg4 6. exd6 exd6 7. Be2 Be7 8. h3 Bh5 9. O-O O-O 10. b3 Bf6 11.
Bb2 Nc6 12. Nbd2 Re8 13. Qc2 Rxe2 14. g4 Bg6 15. Qd1 Qe7 16. c5 dxc5 17. dxc5 Bxb2 18.
Rb1 Bxb1 0-1

[Event "Live Chess"]
[Site "Chess.com"]
[Date "2023.05.20"]
[Round "-"]
[White "LiamBellwood"]
[Black "Chesscoach_Golichenko"]
[Result "0-1"]
[WhiteElo "2079"]
[BlackElo "2653"]
[TimeControl "300"]
[EndTime "10:57:25 PDT"]
[Termination "Chesscoach_Golichenko won on time"]

1. d4 Nf6 2. Bf4 e6 3. Nc3 Bb4 4. Qd3 d5 5. a3 Bd6 6. e3 O-O 7. Nf3 c5 8. dxc5 Bxc5 9. O-O-O Nc6 10. Ne5 Nxe5 11. Bxe5 Nd7 12. Bg3 b6 13. e4 d4 14. Nb5 e5 15. a4 a6 16. Na3 Qe7 17. Nc4 b5 18. Na5 bxa4 19. f4 a3 20. b3 Bb4 21.
Nc6 Qc5 22. Nxb4 Qxb4 23. Kb1 a5 24. fxe5 a2+ 25. Kb2 Nc5 26. Qxd4 Na4+ 27. Ka1 Nc3 28. Qxb4 axb4 29. Rd3 Nxe4 30. Be1 Ba6 31. Rd4 Bb7 32.
Bxb4 Rfd8 33. Rxd8+ Rxd8 34. Bd3 Nf2 35. Rc1 Bxg2 36.
Kxa2 h5 37. Bc4 Bd5 38. Bxd5 Rxd5 39. Rf1 Ng4 40. c4 Rxe5 41. c5 Nxh2 42. Rd1 Re6 43. Ba3 Ng4 44. b4 Ne3 45. Re1 f5 46. Bc1 f4 47. Bxe3 fxe3 48. c6 Rxc6 49. Rxe3 g5 50.
Rh3 h4 51. Re3 Rh6 52. Re5 Rg6 53. Re8+ Kf7 54. Re2 h3 55. Rg2 g4 0-1

[Event "Live Chess"]
[Site "Chess.com"]
[Date "2023.05.20"]
[Round "-"]
[White "worldchessleaguelive"]
[Black "lightningorderyt"]
[Result "1-0"]
[WhiteElo "1389"]
[BlackElo "549"]
[TimeControl "300"]
[EndTime "10:57:27 PDT"]
[Termination "worldchessleaguelive won by resignation"]

1. d4 d5 2. Bf4 Nf6 3. Nf3 Bf5 4. Nbd2 Nbd7 5. e3 e6 6. c4 c6 7. c5 Be7 8. h3 O-O 9. Be2 b6 10. g4 Bg6 11. g5 Nh5 12. cxb6 Nxb6 13. Ne5 Bf5 14.
Nxc6 Qd7 15. Nxe7+ Qxe7 16. Bxh5 g6 17. Bg4 Qb4 18.
Bxf5 exf5 19. a3 Qxb2 20. O-O Qc3 21. Bd6 Rfd8 22. Rc1 Qxa3 23. Bxa3 1-0

[Event "Live Chess"]
[Site "Chess.com"]
[Date "2023.05.20"]
[Round "-"]
[White "jagbama"]
[Black "jennybobby44"]
[Result "0-1"]
[WhiteElo "1138"]
[BlackElo "1851"]
[TimeControl "300"]
[EndTime "10:57:35 PDT"]
[Termination "jennybobby44 won by resignation"]

1. e4 c5 2. Nc3 Nc6 3. Bc4 e6 4. d3 a6 5. a4 Nf6 6. Bg5 Be7 7. Nf3 h6 8. Bh4 O-O 9. d4 cxd4 10. Nxd4 Ne5 11.
Bd3 Nxd3+ 12. cxd3 Qb6 13. Nb3 d6 14. a5 Qb4 15.
Nd2 Qxb2 16. Ne2 d5 17. e5 Qxe5 18. Nf3 Qc7 19. Rc1 Qd8 20. Ne5 Qxa5+ 21. Nc3 g5 22. Bg3 d4 23. O-O dxc3 24. Nc4 Qd5 25. Rxc3 Nd7 26.
Qh5 Kg7 27. Be5+ Nxe5 28. Nb6 Qd4 29. Nxc8 Raxc8 30. Rb3 b5 31. g3 Qd5 32. Rbb1 Nf3+ 0-1

[Event "Live Chess"]
[Site "Chess.com"]
[Date "2023.05.20"]
[Round "-"]
[White "raminguy"]
[Black "Reggie016"]
[Result "1-0"]
[WhiteElo "1985"]
[BlackElo "1073"]
[TimeControl "300"]
[EndTime "10:57:42 PDT"]
[Termination "raminguy won by resignation"]

1. d4 e6 2. Nc3 f5 3. Bf4 Nf6 4. Nb5 d6 5. e3 a6 6. Nc3 Be7 7. Nf3 O-O 8. Bd3 b6 9. O-O Bb7 10. Re1 Nbd7 11. Ng5 Qe8 12. Nxe6 Qg6 13. Bf1 Rfc8 14. Bg3 Ne4 15. Nf4 Qh6 16. Nxe4 Bxe4 17. d5 Nc5 18. f3 Bxc2 19. Qxc2 Bg5 20. Qxf5 Bxf4 21. Bxf4 1-0

[Event "Live Chess"]
[Site "Chess.com"]
[Date "2023.05.20"]
[Round "-"]
[White "CheckString"]
[Black "TDCMF"]
[Result "0-1"]
[WhiteElo "1176"]
[BlackElo "366"]
[TimeControl "300"]
[EndTime "10:57:43 PDT"]
[Termination "TDCMF won by resignation"]

1. e4 e5 2. Nc3 Nc6 3. Bc4 Bc5 4.
Qg4 h5 5. Qxg7 Qh4 6. Qxh8 Kf8 7.
Qh6+ Nxh6 8. Bxf7 Nxf7 9. Nd5 Qxe4+ 10. Ne3 Nd4 11. f3 0-1

[Event "Live Chess"]
[Site "Chess.com"]
[Date "2023.05.20"]
[Round "-"]
[White "luckywookie"]
[Black "MMmaaxxxx"]
[Result "0-1"]
[WhiteElo "729"]
[BlackElo "2032"]
[TimeControl "300"]
[EndTime "10:57:44 PDT"]
[Termination "MMmaaxxxx won by checkmate"]

1. e4 c6 2. Nf3 d5 3. e5 c5 4. c3 Nc6 5. d4 cxd4 6. cxd4 Bg4 7. Nc3 e6 8. Bb5 Ne7 9. O-O a6 10. Bxc6+ Nxc6 11. Be3 Be7 12. a3 b5 13. b4 Qb6 14.
h3 Bh5 15. Qd2 O-O 16. Rac1 Bxf3 17. gxf3 Rac8 18. Kh1 Kh8 19. Rg1 Rc7 20. Rg3 Rb8 21.
Rcg1 Bf8 22. Bh6 g6 23. h4 Qxd4 24. Rxg6 fxg6 25. Qg5 Qxe5 26. Qxe5+ Nxe5 27. Bf4 Bd6 28. h5 Rg8 29. h6 Rf8 30. Be3 Rxc3 31. Bd4 Rcxf3 32.
Rg2 Rh3+ 33. Kg1 Rxh6 34. Bxe5+ Bxe5 35. f3 Rxf3 36. Rh2 Bd4+ 37. Kg2 Rf2+ 38. Kg3 Rhxh2 39.
Kg4 Kg7 40. Kg5 Be5 41. a4 Rf4 42. axb5 h6# 0-1

[Event "Live Chess"]
[Site "Chess.com"]
[Date "2023.05.20"]
[Round "-"]
[White "lamteama1"]
[Black "viktorskliarov"]
[Result "0-1"]
[WhiteElo "1160"]
[BlackElo "2649"]
[TimeControl "300"]
[EndTime "10:57:53 PDT"]
[Termination "viktorskliarov won on time"]

1. e4 c5 2. d3 Nc6 3. Nf3 g6 4. g3 Bg7 5. Bg2 Nf6 6. O-O O-O 7. c3 d6 8. Nbd2 Rb8 9. Nc4 b5 10. Ne3 b4 11. Qc2 Ba6 12. Bd2 bxc3 13. bxc3 Qa5 14. Rfb1 h6 15. d4 Rfc8 16. e5 Nh7 17. e6 cxd4 18.
Rxb8 Nxb8 19. exf7+ Kxf7 20. Nxd4 Bxd4 21. cxd4 Rxc2 22.
Nxc2 Qxd2 23. Bd5+ e6 24. Rc1 Qxc1+ 25. Kg2 exd5 26. h4 Qxc2 0-1

[Event "Live Chess"]
[Site "Chess.com"]
[Date "2023.05.20"]
[Round "-"]
[White "PiotrD11"]
[Black "xx_blindpuffin_xx"]
[Result "0-1"]
[WhiteElo "1329"]
[BlackElo "2191"]
[TimeControl "300"]
[EndTime "10:58:06 PDT"]
[Termination "xx_blindpuffin_xx won by resignation"]

1. e4 e6 2. d4 d5 3. e5 c5 4. Nf3 Nc6 5. c3 Bd7 6. Be2 f6 7. O-O fxe5 8. Nxe5 Nxe5 9. dxe5 Ne7 10. Na3 g6 11.
Be3 Nf5 12. Bd2 Bg7 13. f4 O-O 14. Nc2 Qb6 15. Rb1 h5 16. Ne3 c4 17. Rf3 Bc6 18.
Kh1 Rad8 19. Nxf5 exf5 20. Rf1 Qc5 21. Be3 Qxe3 22. Qc2 b5 23. Rbe1 Qc5 24. b4 cxb3 25.
axb3 d4 26. b4 Qxc3 27. Qxc3 dxc3 28. Rc1 Rc8 29. Bf3 Bxf3 30. Rxf3 Rfd8 31. Rfxc3 Rxc3 0-1

[Event "Live Chess"]
[Site "Chess.com"]
[Date "2023.05.20"]
[Round "-"]
[White "McSlash1"]
[Black "smoggyrabbit"]
[Result "1-0"]
[WhiteElo "2061"]
[BlackElo "1617"]
[TimeControl "300"]
[EndTime "10:58:07 PDT"]
[Termination "McSlash1 won by resignation"]

1. e4 e6 2. d4 d5 3. Nd2 c5 4. dxc5 Bxc5 5. Bd3 Ne7 6. Qe2 Nbc6 7. c3 O-O 8. Ngf3 f6 9. O-O e5 10. Nb3 Bb6 11.
exd5 Nxd5 12. Bc4 Kh8 13. Rd1 Be6 14. a4 Nce7 15. a5 Bc7 16. Nc5 Bf7 17. Nxb7 Qb8 18. a6 Nb6 19. Bxf7 Rxf7 20. Qb5 Bd6 21. Rxd6 Qc7 22.
Be3 Nc4 23. Rd7 Qc8 24. Rd8+ 1-0

[Event "Live Chess"]
[Site "Chess.com"]
[Date "2023.05.20"]
[Round "-"]
[White "whitedjohn"]
[Black "mliszewski"]
[Result "0-1"]
[WhiteElo "1666"]
[BlackElo "1904"]
[TimeControl "300"]
[EndTime "10:58:11 PDT"]
[Termination "mliszewski won by resignation"]

1. e4 c6 2. d4 d5 3. exd5 cxd5 4. Bd3 Nc6 5. c3 g6 6. Bf4 Bg7 7. Nf3 Nh6 8. O-O O-O 9. Re1 f6 10. Qd2 Nf7 11. h4 e5 12. dxe5 fxe5 13. Bg5 Nxg5 14. Nxg5 e4 15. Bc2 Qf6 16. Qxd5+ Kh8 17. Qd2 Bf5 18.
Na3 Rad8 19. Qe3 Ne5 20. Rad1 Rxd1 21. Rxd1 Ng4 22. Qf4 Qb6 23. Nc4 Qc5 24. Ne3 Nxe3 25. Qxe3 Qxe3 26. fxe3 h6 27. Nxe4 Re8 28. Nd6 Bxc2 29.
Nxe8 Bxd1 30. Nxg7 Kxg7 0-1

[Event "Live Chess"]
[Site "Chess.com"]
[Date "2023.05.20"]
[Round "-"]
[White "siddu198"]
[Black "Delacorta"]
[Result "0-1"]
[WhiteElo "1617"]
[BlackElo "1430"]
[TimeControl "300"]
[EndTime "10:58:12 PDT"]
[Termination "Delacorta won by resignation"]

1. e4 e6 2. d4 d5 3. exd5 exd5 4. Nc3 Nf6 5. Nf3 Bb4 6. Bd3 O-O 7. Be3 Re8 8. h3 Ne4 9. Bxe4 dxe4 10. Nd2 f5 11.
a3 Be7 12. Qe2 b6 13. Qc4+ Kh8 14. Nd5 Bd6 15. Nf4 Ba6 16. Qb3 Nc6 17. Nc4 Qh4 18.
g3 Qf6 19. Nxd6 Qxd6 20. d5 Ne5 21. Bd4 Nf3+ 22. Kd1 Nxd4 23. Qc4 Bxc4 24. Ne6 Rxe6 0-1

[Event "Live Chess"]
[Site "Chess.com"]
[Date "2023.05.20"]
[Round "-"]
[White "WilliamofOrange16th"]
[Black "ramses-IIG"]
[Result "0-1"]
[WhiteElo "1879"]
[BlackElo "785"]
[TimeControl "300"]
[EndTime "10:58:13 PDT"]
[Termination "ramses-IIG won by resignation"]

1. e4 d5 2. exd5 Qxd5 3. Nf3 Qe6+ 4. Be2 Qg6 5. O-O h5 6. Kh1 h4 7. d4 h3 8. g3 e6 9. Ne5 Qe4+ 10. Bf3 Qf5 11. Qd3 Qxd3 12. Nxd3 c6 13. c4 Nf6 14.
Nc3 Na6 15. Bg5 Be7 16. Rad1 Nb4 17. Nxb4 Bxb4 18. Bxf6 gxf6 19. Ne4 f5 20. Nf6+ Ke7 21. Nh5 Bd7 22. a3 Ba5 23. b4 Bc7 24. Rfe1 b6 25. d5 cxd5 26. cxd5 Rag8 27. d6+ Bxd6 28. Nf4 Bxf4 29. gxf4 Ba4 30. Rd4 Rc8 31. Kg1 Rhg8+ 32.
Kf1 Bb5+ 33. Be2 Bxe2+ 34. Kxe2 Rg2 35. Red1 Rc2+ 36. Ke3 Rxh2 37. Rd7+ Kf6 38. Rf1 Rg2 39.
Rxa7 h2 40. Kf3 Rg1 0-1

[Event "Live Chess"]
[Site "Chess.com"]
[Date "2023.05.20"]
[Round "-"]
[White "Jio85"]
[Black "ViktorTheCoolBoy"]
[Result "0-1"]
[WhiteElo "2014"]
[BlackElo "2543"]
[TimeControl "300"]
[EndTime "10:58:25 PDT"]
[Termination "ViktorTheCoolBoy won by resignation"]

1. e4 c6 2. d4 d5 3. e5 c5 4. c3 Nc6 5. Nf3 Bg4 6. Be3 e6 7. Bd3 Qb6 8. b3 cxd4 9. Bxd4 Nxd4 10. cxd4 Bb4+ 11. Kf1 Bxf3 12. gxf3 Nh6 13. a3 Be7 14. b4 Rc8 15. Qa4+ Kf8 16. Qd7 Rc7 0-1

[Event "Live Chess"]
[Site "Chess.com"]
[Date "2023.05.20"]
[Round "-"]
[White "Prijmak"]
[Black "Inglaterra"]
[Result "0-1"]
[WhiteElo "1035"]
[BlackElo "2076"]
[TimeControl "300"]
[EndTime "10:58:27 PDT"]
[Termination "Inglaterra won by resignation"]

1. e4 e5 2. Nf3 Nf6 3. Nc3 Bb4 4. d3 Nc6 5. Bd2 O-O 6. a3 Bxc3 7. Bxc3 d5 8. exd5 Nxd5 9. Bd2 Re8 10. Qe2 Bg4 11. h3 Nd4 12. hxg4 Nxe2 0-1

[Event "Live Chess"]
[Site "Chess.com"]
[Date "2023.05.20"]
[Round "-"]
[White "Conradical12"]
[Black "Olisingapore"]
[Result "1-0"]
[WhiteElo "1539"]
[BlackElo "1914"]
[TimeControl "300"]
[EndTime "10:58:34 PDT"]
[Termination "Conradical12 won by resignation"]

1. e4 c5 2. Nc3 d6 3. d3 g6 4. f4 Bg7 5. g3 Nc6 6. Be3 e6 7. Nge2 Nge7 8. Qd2 Rb8 9. O-O-O b5 10. d4 Qa5 11.
dxc5 dxc5 12. Qd6 b4 13. Nb1 Qxa2 14. Bxc5 Qxb2+ 15. Kd2 Bc3+ 16. Nexc3 Qxc3+ 17. Nxc3 bxc3+ 18. Kxc3 f5 19. exf5 Nd5+ 20. Rxd5 exd5 21. Qxc6+ Kf7 22. Qc7+ 1-0

[Event "Live Chess"]
[Site "Chess.com"]
[Date "2023.05.20"]
[Round "-"]
[White "Albul"]
[Black "toog"]
[Result "0-1"]
[WhiteElo "2172"]
[BlackElo "2642"]
[TimeControl "300"]
[EndTime "10:58:36 PDT"]
[Termination "toog won on time"]

1. e4 c5 2. Nc3 g6 3. d3 Bg7 4.
Be3 d6 5. Qd2 Nc6 6. g3 Rb8 7.
Bg2 b5 8. Nge2 b4 9. Nd1 a5 10. O-O e6 11. f4 Nge7 12. g4 h5 13. h3 hxg4 14. hxg4 Nd4 15. c3 Nxe2+ 16. Qxe2 Nc6 17. g5 Qc7 18. Bf2 Ba6 19. Bg3 a4 20. f5 Be5 21.
Bxe5 Nxe5 22. c4 Rh5 23. fxe6 fxe6 24. Nf2 Rxg5 25. Nh3 Rg3 26. Rad1 Qh7 27. Nf4 Ke7 28. Qf2 Rg4 29. Ne2 Rh8 30. Qf6+ Kd7 31. Kf2 Rxg2+ 0-1

[Event "Live Chess"]
[Site "Chess.com"]
[Date "2023.05.20"]
[Round "-"]
[White "Tushinskiy"]
[Black "JoshMcK"]
[Result "1-0"]
[WhiteElo "2108"]
[BlackElo "1535"]
[TimeControl "300"]
[EndTime "10:58:38 PDT"]
[Termination "Tushinskiy won by resignation"]

1. d4 d5 2. c3 Nf6 3. Nf3 Nbd7 4.
Bf4 g6 5. Bg3 Bg7 6. Nbd2 O-O 7.
e3 c6 8. Bd3 Re8 9. Ne5 Nxe5 10. Bxe5 Bg4 11. f3 Bd7 12. Qe2 a6 13. h4 Nh5 14.
Bxg7 Nxg7 15. f4 Nf5 16. Rh3 Nxd4 17. exd4 Bxh3 18. gxh3 e5 19. fxe5 Qxh4+ 20. Kd1 Qxh3 21. Kc2 Re7 22. Qf2 Rae8 23. Rg1 Qe6 24. Nf3 h6 25. Nh4 Kh7 26. Qf4 Rg8 27. Nf5 1-0

[Event "Live Chess"]
[Site "Chess.com"]
[Date "2023.05.20"]
[Round "-"]
[White "GMHarry-youtube"]
[Black "birdseed45"]
[Result "0-1"]
[WhiteElo "2127"]
[BlackElo "1866"]
[TimeControl "300"]
[EndTime "10:58:41 PDT"]
[Termination "birdseed45 won by resignation"]

1. e4 c5 2. Nf3 Nc6 3. Bb5 d6 4.
d4 cxd4 5. Nxd4 Bd7 6. c4 a6 7.
Ba4 Nxd4 8. Bxd7+ Qxd7 9. Qxd4 Nf6 10. Nc3 e6 11. b3 Be7 12. Na4 Qc7 13. Ba3 O-O 14.
O-O-O d5 15. exd5 Bxa3+ 16. Kb1 exd5 17. cxd5 b5 18. Nc3 Rac8 19. Rd3 b4 20. Na4 Qc1+ 0-1

[Event "Live Chess"]
[Site "Chess.com"]
[Date "2023.05.20"]
[Round "-"]
[White "JoeyCage"]
[Black "EdenHazard8"]
[Result "1-0"]
[WhiteElo "2300"]
[BlackElo "2108"]
[TimeControl "300"]
[EndTime "10:58:41 PDT"]
[Termination "JoeyCage won by resignation"]

1. e4 c5 2. Nf3 Nc6 3. d4 cxd4 4. Nxd4 Nf6 5. Nc3 d6 6. Bg5 g6 7. Bxf6 exf6 8. Qd2 Bg7 9. O-O-O O-O 10. Nxc6 bxc6 11.
Qxd6 Qa5 12. Bc4 Rb8 13. Qxb8 f5 14. Qb3 Be6 15. Bxe6 fxe6 16. Qxe6+ Kh8 17. Qc4 Rb8 18. Rd7 Qb6 19. Nd1 Bxb2+ 20. Nxb2 Qxb2+ 21. Kd2 Qe5 22. Qd4 1-0

[Event "Live Chess"]
[Site "Chess.com"]
[Date "2023.05.20"]
[Round "-"]
[White "misha464"]
[Black "BogdanBeleiUkraine"]
[Result "1-0"]
[WhiteElo "759"]
[BlackElo "1174"]
[TimeControl "300"]
[EndTime "10:58:48 PDT"]
[Termination "misha464 won by resignation"]

1. e4 e5 2. Qf3 Nc6 3. Bc4 Nf6 4. d3 h6 5. Ne2 Na5 6. b3 Nxc4 7. bxc4 Bc5 8. Ba3 b6 9. Bxc5 bxc5 10. Nbc3 d6 11. Nd5 Bg4 12. Nxf6+ Qxf6 13. Qxg4 g5 14. O-O h5 15.
Qf3 Qxf3 16. gxf3 Ke7 17. Nc3 Rag8 18. Nd5+ Kd8 19. Kh1 g4 20. fxg4 Rxg4 21. Rg1 Rh4 22.
Rab1 Rh3 23. Rg7 Rf3 24. Kg2 1-0

[Event "Live Chess"]
[Site "Chess.com"]
[Date "2023.05.20"]
[Round "-"]
[White "Duke_of_Bebington"]
[Black "diana21strabt"]
[Result "0-1"]
[WhiteElo "1575"]
[BlackElo "1709"]
[TimeControl "300"]
[EndTime "10:58:48 PDT"]
[Termination "diana21strabt won by checkmate"]

1. e4 d5 2. exd5 Qxd5 3. d4 Nf6 4. Nf3 Bg4 5. Be2 Nc6 6. Be3 O-O-O 7. c3 e5 8. O-O exd4 9. Bxd4 Nxd4 10. Nxd4 Bxe2 11. Qxe2 Bc5 12. Rd1 Rhe8 13. Qb5 Bxd4 14. Qxd5 Rxd5 15.
Rxd4 Re1# 0-1

[Event "Live Chess"]
[Site "Chess.com"]
[Date "2023.05.20"]
[Round "-"]
[White "AyannaTang"]
[Black "Greenbecker"]
[Result "0-1"]
[WhiteElo "176"]
[BlackElo "1659"]
[TimeControl "300"]
[EndTime "10:58:50 PDT"]
[Termination "Greenbecker won by checkmate"]

1. e4 e6 2. Bd3 d5 3. Nf3 c5 4.
exd5 exd5 5. Nh4 Qxh4 6. O-O Bd6 7. g3 Qh3 8. Be2 Ne7 9. d4 Nbc6 10. dxc5 Bxc5 11. Be3 Bd6 12. Nc3 Be6 13. Nb5 Rd8 14. Nd4 Nxd4 15. Bxd4 O-O 16. Bc3 Bc5 17. Qd2 d4 18.
Ba5 Bd5 19. Bxd8 Qg2# 0-1

[Event "Live Chess"]
[Site "Chess.com"]
[Date "2023.05.20"]
[Round "-"]
[White "VovaOvchar1990"]
[Black "stevegleds"]
[Result "1-0"]
[WhiteElo "1181"]
[BlackElo "606"]
[TimeControl "300"]
[EndTime "10:58:57 PDT"]
[Termination "VovaOvchar1990 won by resignation"]

1. e4 e5 2. Bc4 g6 3. Nc3 Bg7 4. Nf3 c6 5. Ng5 Qxg5 6. O-O d5 7. exd5 cxd5 8. Bxd5 e4 9. Bxe4 Bh3 10. Qf3 Be6 11.
Bxb7 Bg4 12. Qe4+ Qe7 13. Bxa8 Qxe4 14. Bxe4 Nf6 15. Re1 O-O 16. Bd3 Re8 17. Rxe8+ Nxe8 18. h3 Be6 19. Bb5 Nd6 20. d3 a6 21. Ba4 Nd7 22. Bf4 Be5 23. Bxe5 Nxe5 24. Re1 f6 25. f4 Nd7 26. Rxe6 Nc5 27. Rxd6 Nxa4 28. Nxa4 1-0

[Event "Live Chess"]
[Site "Chess.com"]
[Date "2023.05.20"]
[Round "-"]
[White "YF22Raptor"]
[Black "MaximKris"]
[Result "0-1"]
[WhiteElo "1016"]
[BlackElo "1860"]
[TimeControl "300"]
[EndTime "10:58:57 PDT"]
[Termination "MaximKris won by resignation"]

1. e4 e5 2. Nf3 Nc6 3. d4 exd4 4.
Bc4 Bc5 5. Ng5 Ne5 6. Nxf7 Nxf7 7. Bxf7+ Kxf7 8. Qh5+ g6 9. Qxc5 Nf6 10. Qxd4 Re8 11.
Nc3 d6 12. O-O c5 13. Qd3 a6 14. Bg5 Bd7 15. Nd5 Re6 16. Rfe1 Bb5 17. c4 Bc6 18. Nxf6 Rxf6 19. Bxf6 Qxf6 20. Qc3 Qxc3 21. bxc3 Re8 22. f3 b5 23. cxb5 Bxb5 24. Rac1 Bc4 25. a3 Rb8 26. Rcd1 Ke6 27. Ra1 Rb3 28. Reb1 a5 29. Rxb3 Bxb3 30. Rb1 a4 31. Kf2 d5 32. exd5+ Kxd5 33. Ke3 Kc4 34. Kd2 Kd5 35. g4 g5 36. Rc1 Ke5 37. Re1+ Kf4 38. Ke2 Bd5 39. Rd1 Bxf3+ 40. Ke1 Bxd1 41.
Kxd1 Kxg4 42. Kd2 Kh3 43. Ke3 Kxh2 44. Kd3 g4 45. Kc4 g3 46. Kxc5 g2 47. Kb4 g1=Q 48. Kxa4 Qc5 49. Kb3 Qb5+ 50. Kc2 Qc4 51. Kb2 h5 52. Kc2 h4 0-1

[Event "Live Chess"]
[Site "Chess.com"]
[Date "2023.05.20"]
[Round "-"]
[White "stevefairhurst"]
[Black "vinni3012"]
[Result "1-0"]
[WhiteElo "600"]
[BlackElo "1834"]
[TimeControl "300"]
[EndTime "10:59:02 PDT"]
[Termination "stevefairhurst won by resignation"]

1. e4 c6 2. d4 d5 3. Bd3 dxe4 4.
Bxe4 Nf6 5. Bd3 Qxd4 6. Nf3 Qd8 7. Ng5 h6 8. Nxf7 Kxf7 9. Bg6+ Kxg6 10. Qxd8 Bf5 11. c3 Kf7 12. Be3 Nd5 13. Qa5 Nd7 14.
c4 Nxe3 15. fxe3 Bd3 16. Qd2 Ne5 17. Qc3 Ke6 18. Nd2 Rd8 19. O-O-O g5 20. Nf3 Bg7 21. Nxe5 Bxe5 22. Qb3 Be4 23. Rxd8 Rxd8 24. c5+ Bd5 25. Qxb7 Rd7 26. Qb4 1-0